 Dungeon Crawl Stone Soup version 0.28.0-45-g0d030f2227 (webtiles) character file.

Game seed: 8460004011315180486

539 DemonSlayer the Firebug (level 7, 0/47 HPs)
             Began as a Demonspawn Fire Elementalist on Apr 11, 2022.
             Was an Initiate of Cheibriados.
             Killed by nerve-wracking pain
             ... invoked by Menkaure
              (3 damage)
             ... on level 5 of the Dungeon.
             The game lasted 00:14:01 (6796 turns).

DemonSlayer the Firebug (DsFE)                      Turns: 6796, Time: 00:14:02

Health: 0/47       AC:  4    Str:  9    XL:     7   Next: 5%
Magic:  7/13       EV: 12    Int: 19    God:    Cheibriados [......]
Gold:   181        SH:  0    Dex: 17    Spells: 12/15 levels left

rFire   + . .      SeeInvis .   b - +0 hand axe
rCold   . . .      Faith    .   (no shield)
rNeg    . . .      Spirit   .   o - +1 robe {rF+}
rPois   .          Reflect  .   (helmet restricted)
rElec   .          Harm     .   (no cloak)
rCorr   .          Rampage  .   (no gloves)
Will    .....                   (no boots)
Stlth   ++........              (no amulet)
HPRegen 0.15/turn               (no ring)
MPRegen 0.13/turn               (no ring)

@: very slow
A: claws 1, hooves 1, horns 2, ignite blood 2, agile 1, shaggy fur 1
a: Renounce Religion


You were on level 5 of the Dungeon.
You worshipped Cheibriados.
Cheibriados was noncommittal.
You visited 1 branch of the dungeon, and saw 5 of its levels.

You collected 181 gold pieces.

Inventory:

Hand Weapons
 b - a +0 hand axe (weapon)
Armour
 o - a +1 robe of fire resistance (worn)
Scrolls
 a - a scroll of vulnerability {unknown}
 c - a scroll of fear {unknown}
 d - a scroll of noise {unknown}
 f - a scroll of fog {unknown}
 g - a scroll of blinking
 h - a scroll of teleportation
 j - a scroll of enchant weapon {unknown}
 k - a scroll of holy word {unknown}
 l - 2 scrolls of identify {unknown}
 n - a scroll of immolation {unknown}
Potions
 e - a potion of mutation
 i - 2 potions of might {unknown}
 m - a potion of brilliance {unknown}
 p - a potion of invisibility {unknown}


   Skills:
 + Level 0.7 Fighting
 + Level 0.7 Axes
 + Level 2.2 Dodging
 + Level 2.6 Stealth
 + Level 0.1 Unarmed Combat
 + Level 4.5 Spellcasting
 + Level 2.0 Conjurations
 + Level 5.0 Fire Magic


You had 12 spell levels left.
You knew the following spells:

 Your Spells              Type           Power      Damage    Failure   Level
a - Foxfire               Conj/Fire      68%        2x1d7     3%          1
b - Scorch                Fire           46%        2d7       2%          2

Your spell library contained the following spells:

 Spells                   Type           Power      Damage    Failure   Level
 Shock                    Conj/Air       32%        1d5       9%          1
 Conjure Flame            Conj/Fire      17%        6-21      10%         3
 Inner Flame              Hex/Fire       13%        N/A       14%         3
 Flame Wave               Conj/Fire      17%        2d6       30%         4
 Swiftness                Air            4%         N/A       36%         3
 Airstrike                Air            2%         N/A       78%         4
 Summon Lightning Spire   Summ/Air       4%         N/A       78%         4
 Lightning Bolt           Conj/Air       4%         1d15      94%         5


Dungeon Overview and Level Annotations

Branches:
Dungeon (5/15)
 Temple: D:4-7

Altars:
Cheibriados
Trog

Annotations:
D:5 Menkaure


Innate Abilities, Weirdness & Mutations

You have sharp fingernails.
You have large cloven feet.
You have a pair of horns on your head.
Your demonic aura often causes spilled blood to erupt in flames.
You are agile. (Dex +2)
You are covered in fur. (AC +1)


Message History

Found a stone staircase leading up.
There is a stone staircase leading up here.
Found a stone staircase leading up.
p - a fuming puce potion
Found a chain mail.
i - 2 silvery potions (gained 1) Menkaure, Prince of Dust comes into view.
Menkaure shouts!
Menkaure is nearby!
Menkaure is nearby!
Menkaure is nearby!
Menkaure is nearby!
Menkaure calls on the powers of darkness!
Your body is wracked with pain!
Menkaure shouts, "The sands of time shall wipe you from history!"
Found a stone staircase leading down.
Menkaure gestures wildly while chanting.
Menkaure seems to speed up.
Flames lash Menkaure.
Menkaure is lightly damaged.
Menkaure's fire resistance burns away.
Flames lash Menkaure.
Menkaure is burned terribly!
Menkaure is heavily damaged.
Menkaure closely misses you. x2
Flames lash Menkaure.
Menkaure is burned terribly!
Menkaure is almost destroyed.
Menkaure calls on the powers of darkness!
Your body is wracked with pain!
* * * LOW HITPOINT WARNING * * *
You hit Menkaure but do no damage.
You headbutt Menkaure, but do no damage.
Menkaure is almost destroyed.
Menkaure closely misses you.
You hit Menkaure.
Menkaure is almost destroyed.
Menkaure closely misses you. Menkaure hits you!
* * * LOW HITPOINT WARNING * * *
Menkaure points at you and mumbles some strange words.
Pain shoots through your body!
You die...

#.#####.##.#.#####.##
#.##.#.# #.# #.##.#.#
#.# #..#.#.# #.#
##.#.#.# #.# #.#.#.#
#.# ######.#.#.# #.#
............# #.#
###.###.#@#.####
#.#.☼....#
#.#..M......
#...........
#..#.......>
##..........
###........ #.....###
##.####


You could see Menkaure (fast, combustible).

Vanquished Creatures
  Grinder (D:3)
  An ogre (D:4)
  A bullfrog (D:3)
  A water moccasin skeleton (D:4)
  Jessica (D:3)
  An iguana (D:4)
  2 adders
  A white imp (D:5)
  3 dart slugs
  2 orcs
  4 bats
  5 endoplasms
  10 giant cockroaches
  7 goblins
  5 hobgoblins
  4 jackals (D:1)
  2 quokkas (D:1)
  5 ball pythons
  4 frilled lizards
  2 kobolds
  9 rats
71 creatures vanquished.

Vanquished Creatures (collateral kills)
  2 foxfires (D:1)
2 creatures vanquished.

Vanquished Creatures (others)
  150 foxfires
150 creatures vanquished.

Grand Total: 223 creatures vanquished

Notes
Turn   | Place    | Note
-------+----------+-------------------------------------------
     0 | D:1      | DemonSlayer the Demonspawn Fire Elementalist began the
                  | quest for the Orb.
     0 | D:1      | Reached XP level 1. HP: 13/13 MP: 3/3
   570 | D:1      | Gained mutation: Your demonic aura sometimes causes spilled
                  | blood to erupt in flames. [demonic ancestry]
   570 | D:1      | Reached XP level 2. HP: 4/19 MP: 1/5
  1448 | D:1      | Learned a level 2 spell: Scorch
  1721 | D:1      | Reached skill level 3 in Fire Magic
  1947 | D:1      | Discovered your monstrous ancestry.
  1947 | D:1      | Gained mutation: You have large cloven feet. [demonic
                  | ancestry]
  1947 | D:1      | Reached XP level 3. HP: 23/24 MP: 6/6
  3594 | D:3      | Noticed a bullfrog
  3597 | D:3      | Killed a bullfrog
  3598 | D:3      | Gained mutation: You have sharp fingernails. [demonic
                  | ancestry]
  3598 | D:3      | Reached XP level 4. HP: 31/31 MP: 1/8
  4201 | D:3      | Found a faded altar of an unknown god.
  4280 | D:3      | Noticed Jessica
  4285 | D:3      | Killed Jessica
  4285 | D:3      | Noticed Grinder
  4286 | D:3      | Gained mutation: You have a pair of small horns on your
                  | head. [demonic ancestry]
  4286 | D:3      | Reached XP level 5. HP: 36/36 MP: 4/9
  4307 | D:3      | You fall into a shaft and drop 1 floor!
  4774 | D:4      | Reached skill level 4 in Fire Magic
  5305 | D:4      | Noticed an ogre
  5312 | D:4      | Killed an ogre
  5313 | D:4      | Gained mutation: Your demonic aura often causes spilled
                  | blood to erupt in flames. [demonic ancestry]
  5313 | D:4      | Reached XP level 6. HP: 42/42 MP: 4/11
  5735 | D:3      | Found a snail-covered altar of Cheibriados.
  5747 | D:3      | Gained mutation: You are agile. (Dex +2) [potion of
                  | mutation]
  5747 | D:3      | Gained mutation: You have a pair of horns on your head.
                  | [potion of mutation]
  5747 | D:3      | Gained mutation: You are covered in fur. (AC +1) [potion of
                  | mutation]
  6128 | D:3      | Killed Grinder
  6129 | D:3      | Reached skill level 5 in Fire Magic
  6129 | D:3      | Reached XP level 7. HP: 47/47 MP: 2/13
  6159 | D:3      | Became a worshipper of Cheibriados the Contemplative
  6533 | D:5      | Entered Level 5 of the Dungeon
  6623 | D:5      | Found a bloodstained altar of Trog.
  6787 | D:5      | Noticed Menkaure
  6796 | D:5      | Killed from afar by Menkaure

Illustrated notes

Levels and vault maps discovered:
D:1:      kilobyte_arrival_exit_the_forest, layout_loops_ring,
          solitary_fountain, minmay_worlds_worst_comb
D:2:      layout_basic, serial_bayou_pond_d
D:3:      layout_basic, slow_altar_2, hellmonk_ecumenical_altar_crossroads,
          chequers_serial_rivers_micro_a, uniq_grinder, uniq_jessica
D:4:      layout_cave_pods, serial_column_ruins, column_ruins_hut,
          column_ruins_square_medium, column_ruins_columns_dead_end,
          column_ruins_open_small, column_ruins_open_tiny,
          column_ruins_corridor_dead_end
D:5:      layout_loops_ring, mainiacjoe_overflow_cross_hatched,
          ebering_ghost_sewer_f, hangedman_decor_push, uniq_menkaure

Skill      XL: |  1  2  3  4  5  6 |
---------------+-------------------+-----
Fire Magic     | 3 4 5 |  5.0
Stealth        | 2 |  2.6
Dodging        | 2 |  2.2
Spellcasting   | 3 4 |  4.5
Conjurations   | 2 |  2.0
Fighting       | |  0.7
Axes           | |  0.7
Unarmed Combat | |  0.1

Action                   |  1- 3 |  4- 6 |  7- 9 || total
-------------------------+-------+-------+-------++-------
Melee: Unarmed           |    28 |       |       ||    28
       Hand axe          |    56 |     9 |     2 ||    67
       Kick              |     8 |     2 |       ||    10
       Punch             |     1 |       |       ||     1
       Headbutt          |       |     1 |     1 ||     2
 Cast: Foxfire           |    94 |       |       ||    94
       Scorch            |     3 |    47 |     4 ||    54
  Use: Scroll            |       |     2 |     1 ||     3
       Potion            |       |     1 |       ||     1
 Stab: Sleeping          |     4 |     2 |       ||     6
Armor: Robe              |    23 |     5 |       ||    28
Dodge: Dodged            |    67 |    20 |     4 ||    91
